 Dungeon Crawl Stone Soup version 0.30-a0-760-g5a9884bb7c (webtiles) character file.

Game seed: 8562294650204936367

4 cheesebisquit the Digger (level 1, 0/10 HPs)
             Began as a Gargoyle Earth Elementalist on Feb 10, 2023.
             Slain by a ball python (1 damage)
             ... on level 1 of the Dungeon.
             The game lasted 00:01:22 (215 turns).

cheesebisquit the Digger (GrEE)                      Turns: 215, Time: 00:01:23

Health: 0/10       AC:  4    Str: 11    XL:     1   Next: 70%
Magic:  1/3        EV:  8    Int: 15    God:
Gold:   0          SH:  0    Dex: 10    Spells: 3/4 levels left

rFire   . . .      SeeInvis .    d - +0 club
rCold   . . .      Faith    .    (no shield)
rNeg    + . .      Spirit   .    a - +0 robe
rPois   ∞          Reflect  .    (no helmet)
rElec   +          Harm     .    (no cloak)
rCorr   .          Rampage  .    (no gloves)
Will    .....                    (no boots)
Stlth   ++                       (no amulet)
HPRegen 0.21/turn                (no ring)
MPRegen 0.08/turn                (no ring)

@: constricted
A: sickness immunity, AC +2, negative energy resistance 1, electricity
resistance, torment resistance 1, petrification resistance
a: no special abilities


You were on level 1 of the Dungeon.
You visited 1 branch of the dungeon, and saw 1 of its levels.

Inventory:

Hand Weapons
 d - a +0 club (weapon)
Armour
 a - a +0 robe (worn)
Scrolls
 c - a scroll of fog {unknown}
 e - a scroll of vulnerability {unknown}
Potions
 b - a potion of magic


   Skills:
 - Level 1.5 Dodging
 - Level 2.1 Stealth
 + Level 2.2 Spellcasting
 - Level 0.7 Transmutations
 + Level 3.8 Earth Magic


You had 3 spell levels left.
You knew the following spells:

 Your Spells              Type           Power      Damage    Failure   Level
a - Sandblast             Erth           26%        2d8       4%          1

Your spell library contained the following spells:

 Spells                   Type           Power      Damage    Failure   Level
 Passwall                 Tmut/Erth      6%         N/A       13%         2
 Shock                    Conj/Air       4%         1d3       22%         1
 Stone Arrow              Conj/Erth      14%        3d7       30%         3
 Ensorcelled Hibernation  Hex/Ice        2%         N/A       32%         2
 Spider Form              Tmut/Pois      2%         N/A       50%         3
 Swiftness                Air            1%         N/A       54%         3
 Petrify                  Tmut/Erth      8%         N/A       63%         4
 Airstrike                Air            0%         2d(1-17)  91%         4
 Anguish                  Hex/Necr       0%         N/A       91%         4


Dungeon Overview and Level Annotations

Branches:
Dungeon (1/15)

Altars:


Innate Abilities, Weirdness & Mutations

You are immune to sickness and miasma.
Your stone body is resilient. (AC +2)
You are immune to poison.
You resist negative energy. (rN+)
You are resistant to electric shocks. (rElec)
You are resistant to unholy torment.
You are immune to petrification.


Message History

Okay, then.
The blast of sand hits the giant cockroach but does no damage.
The blast of sand hits the giant cockroach but does no damage.
The blast of sand misses the giant cockroach.
The giant cockroach closely misses you. x2
You barely miss the giant cockroach. The giant cockroach barely misses you.
The ball python barely misses you. x2
You hit the giant cockroach.
The giant cockroach is heavily wounded.
The giant cockroach bites you. The ball python barely misses you. x2
The giant cockroach bites you but does no damage.
The ball python closely misses you. The ball python grabs you.
The ball python constricts you.
You barely miss the giant cockroach.
The giant cockroach is heavily wounded.
The giant cockroach bites you but does no damage.
The ball python closely misses you. The ball python constricts you.
The giant cockroach closely misses you.
You hit the giant cockroach but do no damage.
The giant cockroach is moderately wounded.
The ball python bites you. The ball python constricts you.
The giant cockroach bites you but does no damage.
The ball python bites you. The ball python constricts you.
You barely miss the giant cockroach.
The giant cockroach is moderately wounded.
The giant cockroach bites you but does no damage.
The ball python bites you but does no damage.
The ball python constricts you. The giant cockroach bites you.
The ball python bites you.
* * * LOW HITPOINT WARNING * * *
The ball python constricts you.
You barely miss the giant cockroach.
The giant cockroach bites you but does no damage.
The ball python bites you.
* * * LOW HITPOINT WARNING * * *
The ball python constricts you.
You barely miss the giant cockroach.
The giant cockroach completely misses you.
The ball python bites you.
You die...

......# . ....... ..
.. ..[..#. .#. ...
........ ... ...
.... ...... #....#.
#.... #... ..... .
#.....###.### .....
# #.....S@B...#
.....##
#.....##....# ......
#.... #....# #..
.... #....# #.. ...
##....# #.. ..
#.....# #######.. #
#.#.....# #........
#.......## #........
#####....###........


You could see a giant cockroach and a ball python.

Vanquished Creatures
  A bat (D:1)
  An endoplasm (D:1)
  A goblin (D:1)
  A rat (D:1)
4 creatures vanquished.

Notes
Turn   | Place    | Note
-------+----------+-------------------------------------------
     0 | D:1      | cheesebisquit the Gargoyle Earth Elementalist began the
                  | quest for the Orb.
     0 | D:1      | Reached XP level 1. HP: 10/10 MP: 3/3
   215 | D:1      | Slain by a ball python

Illustrated notes

Levels and vault maps discovered:
D:1:      dpeg_arrival_signposts, layout_basic

Action                     || total
---------------------------++-------
  Melee: Club              ||     7
         Unarmed           ||     6
         Punch             ||     1
   Cast: Sandblast         ||     9
 Armour: Robe              ||     9
  Dodge: Dodged            ||    23

Table legend: (Time is in decaauts)
 A = Elapsed time spent in this place.
 B = Non-inter-level travel time spent in this place.
 C = Inter-level travel time spent in this place.
 D = Time resting spent in this place.
 E = Time spent auto-exploring this place.
 F = Levels seen in this place.
 G = Mean time per level.
                   A        B        C        D        E       F      G
               +--------+--------+--------+--------+--------+-----+--------+
         Total |    220 |    208 |     12 |      0 |    160 |   1 |  220.0 |
       Dungeon |    220 |    208 |     12 |      0 |    160 |   1 |  220.0 |
               +--------+--------+--------+--------+--------+-----+--------+

Top non-repeatable levels by time:
     D:1: 220 daAuts
